Unix NetHack Version 5.0.0-0 post-release - last build May 31 2026 23:59:36 (970b52f25bf058293b47ddfd14a1e40e571c508c,branch:main).

Game began 2026-06-07 20:37:20, ended 2026-06-07 21:04:38.

Frompor, neutral female human Valkyrie

                                      -..
                                    .--..-
                                    .<.....
                                    ---.....          ---
                                       -.....--    ----.`
                                       ---....-- .--.|..G.|
                                          -...)-|.*G@).-- -
                                          ----..|..-----
                                             |.....|
                                             |.....|
                                             --....|
                                              ---..|
                                                 ---

Frompor the Skirmisher      St:18/04 Dx:12 Co:18 In:8 Wi:9 Ch:7  Neutral S:1171
Dlvl:5  $:415 HP:0(43) Pw:7(7) AC:6  Xp:4/139 T:1740  Hungry  

Latest messages:
 You see here a scale mail.
 J - a scale mail.
 What do you want to use or apply? [hikyDFH or ?*] H
 You produce a high whistling sound.
 You see here a blue gem.
 K - a blue gem.
 What do you want to use or apply? [hikyDFH or ?*] ?
 Your candle's flame burns brightly!
 The gnome lord hits!
 You hit the gnome lord!
 The gnome lord hits!
 You hit the gnome lord!
 A crossbow bolt misses you.
 You are hit by a crossbow bolt.
 A crossbow bolt misses you.
 The gnome lord misses!
 You kill the gnome lord!
 You see here a white gem.
 f - a white gem (2 in total).
 You are hit by a crossbow bolt!
 You are hit by a crossbow bolt.
 Jonesy misses the gnome lord.
 You miss the gnome lord.
 Jonesy bites the gnome lord.
 The gnome lord hits Jonesy.
 The gnome lord hits!
 You kill the gnome lord!
 Jonesy eats a gnome lord corpse.
 The gnome king picks up 3 crossbow bolts.
 The crossbow bolt hits Jonesy.
 You are hit by a crossbow bolt!
 You are hit by a crossbow bolt.
 A crossbow bolt misses you.
 You are beginning to feel hungry.
 You see here a figurine of a housecat.
 Jonesy is hit by a rock!
 L - a figurine of a housecat.
 Jonesy drops a crossbow bolt.
 You see here a crossbow bolt.
 The gnome king shoots a crossbow bolt!
 The crossbow bolt hits Jonesy.
 Jonesy is killed!
 You see here a crossbow bolt.
 The gnome king swings his crossbow.
 The gnome king hits!
 You miss the gnome king.
 The gnome king swings his crossbow.
 The gnome king hits!
 You die...
 Do you want your possessions identified? [ynq] (y) q

Inventory:
 Coins    ('$')
  $ - 415 gold pieces
 Weapons  (')')
  x - 12 +0 arrows
  l - 8 +0 darts
  b - a +0 dagger (alternate weapon; not wielded)
  a - a +1 spear (weapon in right hand)
  I - a +0 silver saber
 Armor    ('[')
  A - an uncursed +0 pair of iron shoes
  c - an uncursed +3 small shield (being worn)
  B - an uncursed +0 dwarvish cloak
  J - an uncursed +0 scale mail
 Comestibles  ('%')
  d - 3 uncursed food rations
 Scrolls  ('?')
  n - an uncursed scroll of confuse monster
  m - an uncursed scroll of food detection
  t - 2 uncursed scrolls of identify
  v - an uncursed scroll of teleportation
 Spellbooks  ('+')
  h - a blessed spellbook of healing
 Potions  ('!')
  w - a blessed potion of hallucination
  G - an uncursed potion of healing
  C - a cursed potion of monster detection
  r - an uncursed potion of sickness
 Rings    ('=')
  E - an uncursed +1 ring of increase accuracy
 Tools    ('(')
  L - an uncursed figurine of a housecat
  i - an uncursed lock pick
  k - an uncursed mirror
  F - a +0 pick-axe
  D - an uncursed tallow candle
  H - an uncursed tin whistle
  y - an uncursed partly used wax candle (lit)
 Gems/Stones  ('*')
  z - 2 uncursed aquamarine stones
  e - an uncursed worthless piece of black glass
  K - an uncursed worthless piece of blue glass
  f - 2 uncursed worthless pieces of white glass
  g - 3 uncursed worthless pieces of yellowish brown glass

Frompor the Valkyrie's attributes:

Background:
 You were a Skirmisher, a level 4 human Valkyrie.
 You were neutral, nominally on a mission for Odin
 who was opposed by Tyr (lawful) and Loki (chaotic).
 You were right-handed.
 You were in the Gnomish Mines, on level 5.
 You entered the dungeon 1740 turns ago.
 You had 139 experience points, 21 more were needed to attain level 5.
 Your score was 1171 before end-of-game adjustments.

Basics:
 You had 0 out of 43 hit points.
 You had all 7 energy points (spell power).
 Your armor class was 6.
 Your wallet contained 415 zorkmids.
 Autopickup was off.

Final Characteristics:
 Your strength was 18/04 (limit:18/100).
 Your dexterity was 12 (limit:18).
 Your constitution was 18 (limit:18).
 Your intelligence was 8 (limit:18).
 Your wisdom was 9 (limit:18).
 Your charisma was 7 (limit:18).

Final Status:
 You were hungry.
 You were unencumbered.
 You were wielding a spear.
 You had basic skill with spear.

Final Attributes:
 You were devoutly aligned.
 You were cold resistant.
 You were stealthy.
 You are dead.

Miscellaneous:
 You didn't encounter any bones levels.
 Total elapsed playing time was 27 minutes and 15 seconds.

Major events:
 Turn
    1: Frompor the neutral human Valkyrie entered the dungeon
 1203: entered the Gnomish Mines
 1206: attained the rank of Skirmisher (level 3)
 1740: killed by a gnome king

You didn't know any spells.

Skills:
 Fighting Skills
   bare handed combat [Unskilled]
   two weapon combat  [Unskilled]
   riding             [Unskilled]
 Weapon Skills
   dagger             [Basic]
   axe                [Unskilled]
   pick-axe           [Unskilled]
   short sword        [Unskilled]
   broadsword         [Unskilled]
   long sword         [Unskilled]
   two-handed sword   [Unskilled]
   saber              [Unskilled]
   hammer             [Unskilled]
   quarterstaff       [Unskilled]
   polearms           [Unskilled]
   spear              [Basic]
   trident            [Unskilled]
   lance              [Unskilled]
   sling              [Unskilled]
 Spellcasting Skills
   attack spells      [Unskilled]
   escape spells      [Unskilled]

Voluntary challenges:
 Character rerolling was not enabled.
 You were an atheist.
 You were illiterate.
 You never genocided any monsters.
 You never polymorphed an object.
 You never changed form.
 You used no wishes.
Achievements:
 You entered a shop.
 You entered the Gnomish Mines.
 You attained the rank of Skirmisher.

 The Dungeons of Doom: levels 1 to 3
    Level 1:
       A fountain.
    Level 2:
       A potion shop, a fountain.
    Level 3:
       A general store.
       Stairs down to The Gnomish Mines.
 The Gnomish Mines: levels 4 to 5
    Level 4:
    Level 5: <- You were here.
       Final resting place for
          you, killed by a gnome king.


Vanquished creatures:
  a water nymph
  a rock mole
  3 gnome leaders
  a kitten
  2 dwarves
  a coyote
  a hobbit
  a cave spider
  a green mold
 11 gnomes
  6 jackals
  2 kobolds
  2 goblins
  3 grid bugs
  a bat
  2 newts
39 creatures vanquished.

No species were genocided or became extinct.

Game over:
                       ----------
                      /          \
                     /    REST    \
                    /      IN      \
                   /     PEACE      \
                  /                  \
                  |     Frompor      |
                  |      415 Au      |
                  |   killed by a    |
                  |    gnome king    |
                  |                  |
                  |                  |
                  |       2026       |
                 *|     *  *  *      | *
        _________)/\\_//(\/(/\)/\//\/|_)_______

Farvel Frompor the Valkyrie...

You died in The Gnomish Mines on dungeon level 5 with 1130 points,
and 415 pieces of gold, after 1740 moves.
You were level 4 with a maximum of 43 hit points when you died.

